 Dungeon Crawl Stone Soup version 0.29-a0-486-ga88943ba61 (webtiles) character file.

Game seed: 12189726735003782917

1434 Bruhh the Ogre Mage (level 8, -5/67 HPs)
             Began as an Ogre Earth Elementalist on May 26, 2022.
             Was an Initiate of Vehumet.
             Shot with an arrow by a centaur (10 damage)
             ... on level 6 of the Dungeon.
             The game lasted 00:07:25 (7907 turns).

Bruhh the Ogre Mage (Ogre Earth Elementalist)       Turns: 7907, Time: 00:07:25

Health: -5/67      AC:  4    Str: 13    XL:     8   Next: 73%
Magic:  19/19      EV:  9    Int: 18    God:    Vehumet [......]
Gold:   302        SH:  0    Dex:  9    Spells: 18/22 levels left

rFire   . . .      SeeInvis .   p - +0 dagger (venom)
rCold   . . .      Faith    .   (no shield)
rNeg    . . .      Spirit   .   b - +1 robe
rPois   .          Reflect  .   (helmet restricted)
rElec   .          Harm     .   (no cloak)
rCorr   .          Rampage  .   (gloves unavailable)
Will    .....                   (boots unavailable)
Stlth   +.........              (no amulet)
HPRegen 0.21/turn               (no ring)
MPRegen 0.16/turn               (no ring)

@: mighty, about to teleport
A: large, unfitting armour, tough skin 1
a: Renounce Religion


You were on level 6 of the Dungeon.
You worshipped Vehumet.
Vehumet was noncommittal.
You visited 2 branches of the dungeon, and saw 7 of its levels.
You also visited: Sewer.

You collected 332 gold pieces.
You spent 30 gold pieces at shops.

Inventory:

Hand Weapons
 c - a +0 short sword
 p - a +0 dagger of venom (weapon)
Missiles
 a - 99 stones
 g - 9 poisoned darts
Armour
 b - a +1 robe (worn)
Jewellery
 d - a ring of fire
Wands
 s - a wand of flame (39)
 x - a wand of paralysis (7)
Scrolls
 m - a scroll of summoning
 q - 4 scrolls of poison {unknown}
 r - a scroll of immolation {unknown}
 v - a scroll of vulnerability {unknown}
 w - a scroll of enchant armour
 y - a scroll of identify {unknown}
 A - a scroll of fear
Potions
 e - a potion of invisibility {unknown}
 h - a potion of haste {unknown}
 i - 3 potions of might
 j - 2 potions of cancellation {unknown}
 k - a potion of experience {unknown}
 l - 2 potions of brilliance {unknown}
 n - 2 potions of heal wounds {unknown}
 o - 2 potions of flight {unknown}
 t - a potion of attraction {unknown}
 u - 4 potions of degeneration {unknown}
 z - a potion of curing {unknown}


   Skills:
 - Level 1.7 Dodging
 - Level 1.4 Stealth
 + Level 7.5 Spellcasting
 + Level 6.1 Conjurations
 - Level 0.8 Transmutations
 - Level 5.0 Earth Magic


You had 18 spell levels left.
You knew the following spells:

 Your Spells              Type           Power      Damage    Failure   Level
a - Sandblast             Erth           48%        2d12      1%          1
b - Stone Arrow           Conj/Erth      52%        3d10      3%          3

Your spell library contained the following spells:

 Spells                   Type           Power      Damage    Failure   Level
 Passwall                 Tmut/Erth      14%        N/A       4%          2
 Wereblood                Tmut           9%         N/A       11%         2
 Sublimation of Blood     Necr           6%         N/A       16%         2
 Iskenderun's Battlesphe  Conj           28%        2d8       22%         5
 Fulminant Prism          Conj/Hex       8%         3d7       28%         4
 Iskenderun's Mystic Bla  Conj/Tloc      17%        2d5       28%         4
 Gell's Gravitas          Tloc           6%         N/A       30%         3
 Lesser Beckoning         Tloc           6%         N/A       30%         3
 Ozocubu's Armour         Ice            6%         N/A       30%         3
 Teleport Other           Tloc           6%         N/A       30%         3
 Petrify                  Tmut/Erth      17%        N/A       30%         4
 Lee's Rapid Deconstruct  Erth           12%        3d9*      36%         5
 Fireball                 Conj/Fire      8%         3d6       63%         5
 Freezing Cloud           Conj/Ice/Air   7%         6-21      77%         5
 Conjure Ball Lightning   Conj/Air       8%         3x3d6     99%         6
 Simulacrum               Ice/Necr       3%         N/A       100%        6
 Orb of Destruction       Conj           14%        9d7       100%        7
 Ozocubu's Refrigeration  Ice            3%         4d5       100%        7
 Summon Hydra             Summ           3%         N/A       100%        7
 Polar Vortex             Ice            3%         N/A       100%        9


Dungeon Overview and Level Annotations

Branches:
Dungeon (6/15)             Temple (1/1) D:4           Sewer (visited)

Altars:
Fedhas
Nemelex Xobeh
Okawaru
Sif Muna
Trog
Vehumet
The Shining One

Shops:
D:5 **

Annotations:
D:6 1 runed translucent door, Heedrag's ghost, novice HOSu


Innate Abilities, Weirdness & Mutations

You are too large for most types of armour.
You have tough skin. (AC +1)


Message History

You can't see any susceptible monsters within range! (Use Z to cast anyway.)
Things that are here:
a +0 halberd; a +0 whip You now have 290 gold pieces (gained 13).
a - 99 stones (gained 17) Heedrag's ghost turns its malevolent gaze towards you.
q - 4 scrolls labelled QOLAHE AHEO (gained 1) Heedrag's ghost wails, "You must not succeed where I failed!"
You now have 302 gold pieces (gained 12).
n - 2 green potions (gained 1)
Found a hunting sling.
Found a whip.
There is a shaft here.
A centaur comes into view.
The centaur shouts!
The centaur wields a +0 shortbow.
The centaur shoots an arrow.
The arrow hits you!
You hear a shout!
A centaur is nearby!
A centaur is nearby!
The centaur shoots an arrow.
The arrow hits you!
The centaur shoots an arrow.
The arrow hits you!
A centaur comes into view.
The centaur shoots an arrow.
The arrow hits you.
You can't see any susceptible monsters within range! (Use Z to cast anyway.)
You can't see any susceptible monsters within range! (Use Z to cast anyway.)
You can't see any susceptible monsters within range! (Use Z to cast anyway.)
You can't see any susceptible monsters within range! (Use Z to cast anyway.)
The centaur shoots an arrow.
The arrow hits you!
As you read the scroll of teleportation, it crumbles to dust.
You feel strangely unstable.
The centaur shoots an arrow.
The arrow hits you.
The centaur wields a +0 shortbow.
The centaur shoots an arrow.
The arrow hits you!
* * * LOW HITPOINT WARNING * * *
The centaur shoots an arrow.
The arrow hits you!
* * * LOW HITPOINT WARNING * * *
It was a potion of might.
You feel very mighty all of a sudden.
The centaur shoots an arrow.
The arrow hits you!
You die...

.... ##.... .....
...)####.... ..$...
......#..... ......
.........#.###......
........##.#.....#
........##.......##.
#.......#^...c......
.#.)..........#.......
..........##@.##...c..
.....####.##...c..#...
#..... ##..#....#.# .#
......##..........c #
# ............##......
#⌠ ............#
..##..# ...
#.........#.....# .#
.!..##....#..##.....#
!♣?.⌠#...##.######.#


You could see 2 centaurs.

Vanquished Creatures
  Menkaure (D:5)
  A water moccasin (D:6)
  Pargi (Sewer)
  An ogre (D:4)
  An ice beast (D:5)
  A centaur (D:5)
  2 bullfrogs
  2 scorpions
  2 howler monkeys (D:5)
  2 hounds
  2 jellies (D:5)
  4 iguanas
  Robin (D:3)
  11 adders
  10 gnolls
  3 worms
  3 dart slugs
  2 orcs
  10 ball pythons
  3 bats
  6 endoplasms
  3 giant cockroaches
  15 goblins
  10 hobgoblins
  12 jackals
  12 kobolds
  A quokka (D:3)
  6 frilled lizards
  4 rats
132 creatures vanquished.

Vanquished Creatures (others)
  17 plants
17 creatures vanquished.

Grand Total: 149 creatures vanquished

Notes
Turn   | Place    | Note
-------+----------+-------------------------------------------
     0 | D:1      | Bruhh the Ogre Earth Elementalist began the quest for the
                  | Orb.
     0 | D:1      | Reached XP level 1. HP: 16/16 MP: 3/3
    28 | D:1      | Reached XP level 2. HP: 17/24 MP: 3/5
   245 | D:1      | Reached skill level 3 in Spellcasting
   440 | D:1      | Reached XP level 3. HP: 31/31 MP: 3/7
  1080 | D:1      | Found a faded altar of an unknown god.
  1614 | D:2      | Reached XP level 4. HP: 39/39 MP: 6/9
  2474 | D:2      | Reached skill level 4 in Spellcasting
  2527 | D:3      | Found a glowing drain.
  2552 | Sewer    | Entered a sewer
  2687 | Sewer    | Noticed Pargi
  2694 | Sewer    | Killed Pargi
  2695 | Sewer    | Reached XP level 5. HP: 32/45 MP: 4/12
  2703 | Sewer    | Learned a level 3 spell: Stone Arrow
  3122 | D:3      | Reached skill level 5 in Spellcasting
  3122 | D:3      | Reached XP level 6. HP: 53/53 MP: 0/13
  3422 | D:3      | Noticed Robin
  3764 | D:3      | Reached skill level 1 in Conjurations
  4210 | D:3      | Killed Robin
  4560 | D:4      | Reached skill level 5 in Earth Magic
  4587 | D:4      | Reached XP level 7. HP: 30/59 MP: 1/14
  5669 | D:4      | Found a staircase to the Ecumenical Temple.
  5729 | Temple   | Entered the Ecumenical Temple
  5742 | Temple   | Became a worshipper of Vehumet
  5772 | D:5      | Entered Level 5 of the Dungeon
  6265 | D:5      | Reached skill level 6 in Spellcasting
  6265 | D:5      | Reached XP level 8. HP: 67/67 MP: 0/17
  6477 | D:5      | Reached skill level 5 in Conjurations
  6575 | D:5      | Found Sirol's General Store.
  6579 | D:5      | Found Ryrec's Specific Store.
  6596 | D:5      | Bought a scroll of teleportation for 30 gold pieces
  6993 | D:5      | Noticed Menkaure
  6996 | D:5      | Killed Menkaure
  7394 | D:5      | Reached skill level 7 in Spellcasting
  7705 | D:6      | Found a runed translucent door.
  7705 | D:6      | Noticed Heedrag's ghost (novice HOSu)
  7907 | D:6      | Shot with an arrow by a centaur

Illustrated notes

Levels and vault maps discovered:
D:1:      eino_arrival_water_star, layout_rooms,
          shapermc_ecumenical_altar_totnotflames, minmay_misc_feat_plants,
          nicolae_figureground_sparkle
D:2:      layout_basic, grunt_ministairs_13, minmay_strange_pillars,
          minmay_pentomino_t4
D:3:      layout_loops_ring, cheibrodos_sewer_entry_drain,
          lexackson_kobold_supper, uniq_robin
D:4:      layout_loops_ring, minmay_temple_entry_trees, serial_bayou_pond_b,
          minmay_crossroads
D:5:      layout_layer_cave, nicolae_specific_store, kennysheep_donut,
          roderic_malta_cross, uniq_menkaure
D:6:      layout_cave_pools, hellmonk_ghost_happy_afterlife, uniq_sigmund
Temple:   nicolae_temple_the_god_donut

Skill      XL: |  1  2  3  4  5  6  7  8 |
---------------+-------------------------+-----
Earth Magic    | 3 4 5 |  5.0
Spellcasting   | 3 4 5 6 7 |  7.5
Conjurations   | 3 4 6 |  6.1
Dodging        | |  1.7
Stealth        | |  1.4
Transmutations | |  0.8

Action                   |  1- 3 |  4- 6 |  7- 9 || total
-------------------------+-------+-------+-------++-------
Melee: Unarmed           |     3 |       |       ||     3
       Short sword       |    68 |    94 |       ||   162
       Dagger            |       |     3 |    28 ||    31
       Punch             |       |       |     1 ||     1
 Cast: Sandblast         |    35 |    22 |     4 ||    61
       Stone Arrow       |       |    39 |    59 ||    98
  Use: Potion            |     1 |       |     1 ||     2
       Scroll            |       |     2 |     4 ||     6
Armor: Robe              |    30 |    48 |    15 ||    93
Dodge: Dodged            |    50 |    70 |    19 ||   139

Table legend: (Time is in decaauts)
 A = Elapsed time spent in this place.
 B = Non-inter-level travel time spent in this place.
 C = Inter-level travel time spent in this place.
 D = Time resting spent in this place.
 E = Time spent auto-exploring this place.
 F = Levels seen in this place.
 G = Mean time per level.
                   A        B        C        D        E       F      G
               +--------+--------+--------+--------+--------+-----+--------+
         Total |   7971 |   7807 |    164 |    308 |   6434 |   8 |  996.4 |
       Dungeon |   7568 |   7412 |    156 |    308 |   6141 |   6 | 1261.3 |
        Temple |     22 |     14 |      8 |      0 |      4 |   1 |   22.0 |
         Sewer |    380 |    380 |      0 |      0 |    289 |   1 |  380.0 |
               +--------+--------+--------+--------+--------+-----+--------+

Top non-repeatable levels by time:
     D:4: 1627 daAuts
     D:5: 1620 daAuts
     D:2: 1381 daAuts
     D:3: 1361 daAuts
     D:1: 1257 daAuts
   Sewer: 380 daAuts
     D:6: 319 daAuts
  Temple: 22 daAuts
